Match 22441733
Unlisted

Match 22441733
End
Construct Infanterie Kompanie
Selects Luftwaffe Battlegroup
Selects Luftwaffe Pioneer Support
Fallschirmpioneer Squad Paradrop
Fallschirmpioneer Squad Paradrop
Medical Station
Fallschirmpioneer Squad Paradrop
Selects Stuka Strafing Run
GrW 34 Mortar Team
Construct Panzergrenadier Kompanie
Pak 40 Anti-tank Gun Team
kerem
kuzu1
Ra11
InSaNiedi
0
0

Comments sign in to comment!

No comments posted yet!